cohdb
Replays
Latest Replays
All Replays
Popular Replays
Top Player Replays
Match Explorer
How It Works
Community
CoH3 Stats
Reddit
Sign in to upload your games and track your stats! →
Sign in with Steam
Match 41988082
Unlisted
Match 41988082
Overview
Messages
Build Orders
End
Construct Section Command Post
Vickers Machine Gun Team
Royal Engineer Section
Selects Indian Artillery Battlegroup
Infantry Section
Infantry Section
Selects War Cry
Dingo Light Scout Car
Selects Gurkha Rifles Section
Gurkha Rifles Section
War Cry
Selects Artillery Saturation
Construct Platoon Command Post
Construct Company Command Post
Selects Off-map Airburst Barrage
Construct Field Infirmary
Selects BL5.5 Artillery Emplacement
Selects BL5.5 Artillery Emplacement
Matilda II Heavy Tank
Grenade Package
Unlock M3 Grant Medium Tanks
M3 Grant Medium Tank
Vickers Machine Gun Team
Royal Engineer Section
Selects Volunteer Infantry
M3 Grant Medium Tank
Gurkha Rifles Section
Hisui
SneaKerz
gb_gbg
MUDDYBOOTZ
Victor
hogarthw
0
0
Comments
sign in to comment!
No comments posted yet!